 Dungeon Crawl Stone Soup version 0.29-a0-219-g0a02b1cf4f (webtiles) character file.

Game seed: 9534299095761206449

660 bande the Chopper (level 7, -5/44 HPs)
             Began as a Gargoyle Fighter on Feb 26, 2022.
             Slain by a gnoll sergeant
             ... wielding a +4 vorpal spear
              (8 damage)
             ... on level 5 of the Dungeon.
             The game lasted 00:07:19 (4960 turns).

bande the Chopper (Gargoyle Fighter)                Turns: 4960, Time: 00:07:19

Health: -5/44      AC: 18    Str: 20    XL:     7   Next: 56%
Magic:  0/7        EV:  7    Int:  8    God:
Gold:   223        SH:  4    Dex: 11    Spells: 6/6 levels left

rFire   . . .      SeeInvis .   a - +1 war axe
rCold   . . .      Faith    .   c - +0 buckler
rNeg    + . .      Spirit   +   k - +0 chain mail
rPois   ∞          Reflect  .   f - +0 helmet
rElec   +          Harm     .   (no cloak)
rCorr   .          Rampage  .   h - +0 pair of gloves
Will    .....                   n - +0 pair of boots
Stlth   ..........              e - amulet of guardian spirit
HPRegen 0.14/turn               (no ring)
MPRegen 0.10/turn               (no ring)

@: no status effects
A: sickness immunity, AC +4, negative energy resistance 1, electricity
resistance, torment resistance 1, petrification resistance
a: no special abilities


You were on level 5 of the Dungeon.
You visited 1 branch of the dungeon, and saw 5 of its levels.

You collected 223 gold pieces.

Inventory:

Hand Weapons
 a - a +1 war axe (weapon)
 o - a +0 flail
 q - a +0 war axe
Missiles
 g - a throwing net (quivered)
Armour
 c - a +0 buckler (worn)
 f - a +0 helmet (worn)
 h - a +0 pair of gloves (worn)
 k - a +0 chain mail (worn)
 n - a +0 pair of boots (worn)
Jewellery
 b - a ring of magical power
 e - an amulet of guardian spirit (around neck)
Scrolls
 l - 2 scrolls of identify
 p - a scroll of amnesia {unknown}
Potions
 d - a potion of might
 i - 3 potions of curing
 j - 2 potions of ambrosia
 m - a potion of magic {unknown}
 s - a potion of heal wounds {unknown}


   Skills:
 + Level 4.8 Fighting
 + Level 5.8 Axes
 + Level 4.9 Armour
 + Level 4.1 Shields


You had 6 spell levels left.
You didn't know any spells.
Your spell library contained the following spells:

 Spells                   Type           Power      Damage    Failure   Level
 Foxfire                  Conj/Fire      0%         2x1d4     99%         1
 Summon Small Mammal      Summ           0%         N/A       99%         1
 Ensorcelled Hibernation  Hex/Ice        0%         N/A       100%        2
 Passwall                 Tmut/Erth      0%         N/A       100%        2
 Static Discharge         Conj/Air       0%         N/A       100%        2
 Call Canine Familiar     Summ           0%         N/A       100%        3
 Conjure Flame            Conj/Fire      0%         6-21      100%        3
 Inner Flame              Hex/Fire       0%         N/A       100%        3
 Ozocubu's Armour         Ice            0%         N/A       100%        3
 Summon Guardian Golem    Hex/Summ       0%         N/A       100%        3
 Swiftness                Air            0%         N/A       100%        3
 Dispel Undead            Necr           0%         3d6       100%        4
 Flame Wave               Conj/Fire      0%         2d4       100%        4
 Sticky Flame             Conj/Fire      0%         2d3       100%        4
 Metabolic Englaciation   Hex/Ice        0%         N/A       100%        5
 Simulacrum               Ice/Necr       0%         N/A       100%        6
 Ozocubu's Refrigeration  Ice            0%         4d5       100%        7


Dungeon Overview and Level Annotations

Branches:
Dungeon (5/15)
 Temple: D:4-7

Altars:
Ashenzari
Hepliaklqana
Nemelex Xobeh
Qazlal
Sif Muna
The Shining One


Innate Abilities, Weirdness & Mutations

You are immune to sickness and miasma.
Your stone body is resilient. (AC +4)
You are immune to poison.
You resist negative energy. (rN+)
You are resistant to electric shocks. (rElec)
You are resistant to unholy torment.
You are immune to petrification.


Message History

You block the gnoll's attack.
The gnoll sergeant hits you from afar with a +4 vorpal spear.
You hit the gnoll.
The gnoll is severely wounded.
You block the gnoll's attack.
The gnoll sergeant hits you but does no damage.
You closely miss the gnoll.
The gnoll is severely wounded.
You block the gnoll's attack.
The gnoll sergeant hits you but does no damage.
You slash the gnoll!
You kill the gnoll!
The gnoll sergeant hits you from afar with a +4 vorpal spear.
You are too injured to fight recklessly!
You are too injured to fight recklessly!
You are too injured to fight recklessly!
You are too injured to fight recklessly!
You are too injured to fight recklessly!
You are too injured to fight recklessly!
You are too injured to fight recklessly!
You are too injured to fight recklessly!
The gnoll sergeant hits you with a +4 vorpal spear!
* * * LOW HITPOINT WARNING * * *
x2
Things that are here:
a +0 whip; a +0 whip; a +0 spear You hit the gnoll sergeant but do no damage.
The gnoll sergeant closely misses you. The gnoll sergeant barely misses you.
You hit the gnoll sergeant but do no damage.
The gnoll sergeant hits you but does no damage.
You hit the gnoll sergeant.
The gnoll sergeant is moderately wounded.
You block the gnoll sergeant's attack.
You hit the gnoll sergeant but do no damage.
The gnoll sergeant is moderately wounded.
The gnoll sergeant hits you with a +4 vorpal spear.
* * * LOW HITPOINT WARNING * * *
x2 You hit the gnoll sergeant but do no damage.
The gnoll sergeant is lightly wounded.
The gnoll sergeant hits you with a +4 vorpal spear!
You die...

.####.........###########
.......)...............>.
####.........##..###)#..
+......########..###.#.#
######.## #........# #..#
##.####.### ##.#
........... ####.##
##.####.### #...@)# ..#
#.# # #...g.# #.###
#...!.# #.... #...... #..
##### ........) #..
.#..⌠..#... #.. .
#.....##..##..# #####
..#.#.. #..#... .....
#...#######


You could see a gnoll sergeant.

Vanquished Creatures
  Sigmund (D:2)
  An ice beast (D:2)
  An ogre (D:4)
  A jelly (D:4)
  An orc priest (D:4)
  An iguana (D:4)
  Terence (D:2)
  An orc wizard (D:4)
  Robin (D:1)
  5 gnolls (D:5)
  3 adders
  An ufetubus (D:4)
  A worm (D:2)
  A dart slug (D:3)
  9 orcs
  8 endoplasms
  4 giant cockroaches
  17 goblins
  10 hobgoblins
  4 jackals (D:1)
  6 kobolds
  2 quokkas (D:1)
  6 ball pythons
  A bat (D:1)
  2 frilled lizards (D:1)
  7 rats
96 creatures vanquished.

Vanquished Creatures (others)
  6 plants (D:4)
6 creatures vanquished.

Grand Total: 102 creatures vanquished

Notes
Turn   | Place    | Note
-------+----------+-------------------------------------------
     0 | D:1      | bande the Gargoyle Fighter began the quest for the Orb.
     0 | D:1      | Reached XP level 1. HP: 14/14 MP: 1/1
   195 | D:1      | Reached XP level 2. HP: 16/19 MP: 2/2
   589 | D:1      | Reached skill level 2 in Axes
   663 | D:1      | Reached XP level 3. HP: 20/23 MP: 3/3
  1289 | D:2      | Noticed Robin
  1453 | D:1      | Killed Robin
  1724 | D:2      | Reached XP level 4. HP: 29/29 MP: 4/4
  1885 | D:2      | Noticed Terence
  1892 | D:2      | Killed Terence
  1893 | D:2      | Reached skill level 3 in Axes
  2281 | D:2      | Reached XP level 5. HP: 33/33 MP: 5/5
  2301 | D:2      | Noticed Sigmund
  2309 | D:2      | Killed Sigmund
  2310 | D:2      | Reached skill level 4 in Axes
  2310 | D:2      | Reached XP level 6. HP: 34/38 MP: 4/6
  2805 | D:3      | Found a stormy altar of Qazlal.
  2906 | D:3      | Noticed an ice beast
  2937 | D:2      | Killed an ice beast
  3283 | D:3      | Found a broken altar of Ashenzari.
  3518 | D:3      | Found a glowing golden altar of the Shining One.
  3717 | D:3      | Found a hazy altar of Hepliaklqana.
  3794 | D:4      | Reached skill level 5 in Axes
  3799 | D:4      | Reached XP level 7. HP: 23/44 MP: 4/7
  4215 | D:4      | Found a sparkling altar of Nemelex Xobeh.
  4541 | D:4      | Found a shimmering blue altar of Sif Muna.
  4863 | D:5      | Entered Level 5 of the Dungeon
  4960 | D:5      | Slain by a gnoll sergeant

Illustrated notes

Levels and vault maps discovered:
D:1:      dpeg_arrival_oval, layout_loops_corners, minmay_ruptured
D:2:      layout_loops_corners, skrybe_limestone_x, grunt_ministairs_9,
          minmay_misc_feat_secret_circle, minmay_tromino_i2, uniq_sigmund,
          uniq_robin, uniq_terence
D:3:      layout_basic, mainiacjoe_overflow_brackets,
          mainiacjoe_overflow_six_doors_small, nicolae_hepliaklqana_hippocampus,
          old_standard_altar
D:4:      layout_loops_ring, mainiacjoe_overflow_cross_hatched,
          mainiacjoe_overflow_boulevard
D:5:      layout_basic, trog_ov_bears_minmay, minmay_temple_entry_waves

Skill      XL: |  1  2  3  4  5  6 |
---------------+-------------------+-----
Axes           | 2 3 4 5 |  5.8
Fighting       | 4 |  4.8
Armour         | 4 |  4.9
Shields        | 4 |  4.1

Action                   |  1- 3 |  4- 6 |  7- 9 || total
-------------------------+-------+-------+-------++-------
Melee: War axe           |   123 |   104 |    63 ||   290
  Use: Scroll            |     3 |     3 |     2 ||     8
       Potion            |       |     1 |       ||     1
Armor: Scale mail        |    77 |    11 |       ||    88
       Chain mail        |       |    59 |    34 ||    93
Dodge: Dodged            |    56 |    35 |    24 ||   115
Block: Buckler           |    33 |    21 |    15 ||    69

Table legend: (Time is in decaauts)
 A = Elapsed time spent in this place.
 B = Non-inter-level travel time spent in this place.
 C = Inter-level travel time spent in this place.
 D = Time resting spent in this place.
 E = Time spent auto-exploring this place.
 F = Levels seen in this place.
 G = Mean time per level.
                   A        B        C        D        E       F      G
               +--------+--------+--------+--------+--------+-----+--------+
         Total |   5071 |   4916 |    155 |    783 |   3238 |   5 | 1014.2 |
       Dungeon |   5071 |   4916 |    155 |    783 |   3238 |   5 | 1014.2 |
               +--------+--------+--------+--------+--------+-----+--------+

Top non-repeatable levels by time:
     D:1: 1686 daAuts
     D:2: 1345 daAuts
     D:4: 1120 daAuts
     D:3: 816 daAuts
     D:5: 102 daAuts
